Map: 2000 Atmospheres LE

Players

grimblin - Winner!

  • Race: Protoss Protoss
  • League: Diamond

DirtyDan

  • Race: Terran Terran
  • League: Diamond

VOD

Have the link to the VOD?

Description

Time

  • Played on: July 8, 2021, 10:30 a.m.
  • Length: 14:50
Show
View Real Time Build Order
Export as new Build Order

grimblin Protoss - Winner!

Build Orders: Colossus Rush 

Get SALT Encoding   

  12  0:00  Probe  
  13  0:12  Probe  
  14  0:17  Pylon  
  14  0:24  Probe  
  15  0:37  Gateway, Probe  
  16  0:48  Assimilator  
  16  0:49  Probe  
  17  1:01  Assimilator, Probe  
  18  1:13  Probe  
  19  1:20  Pylon  
  19  1:25  Probe  
  20  1:34  Cybernetics Core  
  20  1:43  Probe  
  21  1:54  Nexus  
  21  1:57  Probe, Warp Gate (Chrono Boost)  
  22  2:09  Probe  
  22  2:10  Stalker (Chrono Boost)  
  25  2:21  Probe  
  26  2:24  Pylon  
  26  2:34  Probe  
  27  2:37  Twilight Council  
  27  2:46  Probe  
  27  2:48  Stalker  
  30  2:58  Probe  
  31  3:01  Robotics Facility  
  31  3:15  Probe x2  
  31  3:19  Charge (Chrono Boost)  
  33  3:27  Probe x2  
  35  3:34  Gateway  
  35  3:38  Gateway  
  35  3:39  Probe x2  
  35  3:45  Stalker  
  37  4:03  Probe x2  
  37  4:09  Stalker  
  41  4:11  Immortal  
  41  4:15  Probe x2  
  47  4:19  Assimilator  
  47  4:22  Pylon  
  47  4:27  Probe x2  
  49  4:33  Forge  
  49  4:34  Pylon  
  49  4:39  Probe x2  
  51  4:47  Robotics Bay  
  51  4:49  Zealot x2  
  51  4:50  Assimilator  
  51  4:51  Probe  
  56  5:01  Probe  
  56  5:02  Protoss Ground Weapons Level 1 (Chrono Boost)  
  56  5:03  Probe  
  58  5:13  Probe  
  58  5:14  Observer (Chrono Boost)  
  60  5:16  Probe  
  60  5:18  Stalker  
  60  5:19  Stalker x2  
  67  5:25  Probe  
  67  5:27  Observer (Chrono Boost)  
  67  5:28  Probe  
  70  5:40  Pylon  
  70  5:43  Pylon  
  70  5:45  Pylon  
  70  5:46  Blink (Chrono Boost)  
  70  5:53  Extended Thermal Lance (Chrono Boost)  
  70  5:57  Colossus  
  70  5:58  Probe x2  
  78  6:07  Pylon  
  78  6:11  Probe x2  
  78  6:12  Pylon  
  78  6:17  Nexus  
  80  6:35  Stalker  
  80  6:36  Stalker x2  
  65  7:02  Probe x2  
  65  7:11  Colossus (Chrono Boost)  
  65  7:14  Probe x2  
  73  7:26  Probe  
  74  7:30  Probe  
  74  7:33  Probe  
  76  7:38  Probe  
  76  7:42  Protoss Ground Weapons Level 2 (Chrono Boost), Gravitic Boosters, Probe  
  78  7:45  Probe  
  78  7:50  Stalker, Probe  
  82  7:52  Zealot x2  
  82  7:54  Probe  
  82  7:56  Colossus (Chrono Boost)  
  82  7:57  Probe  
  94  8:02  Probe  
  95  8:06  Probe  
  95  8:07  Gateway  
  95  8:10  Gateway  
  96  8:16  Forge  
  96  8:19  Probe  
  98  8:20  Probe x2  
  98  8:23  Assimilator  
  98  8:25  Assimilator  
  99  8:31  Probe  
  99  8:32  Zealot  
  99  8:33  Zealot x2  
  106  8:44  Colossus (Chrono Boost)  
  112  8:56  Stalker x2  
  112  8:57  Zealot  
  118  9:05  Zealot x2  
  121  9:28  Zealot x5  
  120  9:34  Probe  
  120  9:35  Probe x2  
  123  9:41  Pylon  
  123  9:46  Photon Cannon  
  123  9:47  Probe x2, Photon Cannon  
  125  9:59  Colossus  
  121  10:15  Probe x3  
  120  10:27  Probe x3  
  123  10:29  Photon Cannon  
  123  10:31  Photon Cannon  
  123  10:39  Probe x3 (Chrono Boost)  
  123  10:40  Photon Cannon  
  126  10:43  Stalker  
  126  10:45  Sentry x2  
  132  10:52  Protoss Ground Armor Level 1 (Chrono Boost)  
  132  10:55  Probe (Chrono Boost)  
  133  11:42  Probe x2  
  133  11:43  Probe  
  99  11:54  Probe x2  
  99  11:55  Probe  
  94  12:06  Probe  
  91  12:40  Zealot x2  
  91  12:41  Zealot x3  
  93  14:00  Stalker x5  
  97  14:23  Stalker  
  97  14:24  Stalker x4  
Show
View Real Time Build Order
Export as new Build Order

DirtyDan Terran 

Build Orders:  

Get SALT Encoding   

  12  0:00  SCV  
  13  0:12  SCV  
  14  0:17  Supply Depot  
  14  0:26  Refinery  
  14  0:27  SCV  
  15  0:42  Barracks  
  15  0:46  SCV  
  16  0:58  SCV  
  17  1:14  SCV  
  18  1:32  Marine  
  19  1:35  Orbital Command  
  19  1:49  Factory  
  19  2:00  Barracks Reactor  
  19  2:02  SCV  
  20  2:10  Command Center  
  20  2:18  SCV, Supply Depot  
  21  2:24  Refinery  
  23  2:37  Widow Mine  
  23  2:39  Starport  
  23  2:40  Marine  
  23  2:43  Marine  
  25  2:59  SCV  
  26  3:10  Marine x2  
  28  3:16  Factory Tech Lab  
  27  3:25  Medivac  
  29  3:29  Orbital Command  
  29  3:37  SCV  
  30  3:43  Command Center  
  30  4:09  SCV  
  31  4:21  Starport Reactor  
  31  4:22  Siege Tank  
  34  4:28  Barracks  
  34  4:29  SCV, Barracks  
  35  4:35  SCV  
  35  4:37  Marine x2  
  38  4:41  SCV  
  39  4:46  Ghost Academy  
  39  4:47  SCV, Engineering Bay  
  40  4:58  Orbital Command  
  40  5:12  Siege Tank  
  40  5:13  Medivac  
  47  5:15  Marine  
  47  5:16  Marine  
  47  5:17  Liberator  
  50  5:21  Barracks Tech Lab  
  50  5:28  SCV  
  51  5:31  SCV x2  
  51  5:32  Barracks Tech Lab  
  51  5:35  Marine x2  
  53  5:40  SCV  
  56  5:43  SCV  
  57  5:53  Marauder x2  
  57  5:54  Stimpack  
  61  6:06  SCV x3, Marine  
  61  6:07  Supply Depot  
  61  6:08  Supply Depot  
  65  6:21  SCV x2, Marine  
  65  6:22  Marine  
  69  6:29  Marine x2, Siege Tank  
  74  6:39  Marine x2  
  72  6:59  Marine  
  72  7:00  Marine, Marauder x2  
  72  7:01  Siege Tank  
  78  7:12  SCV  
  79  7:17  Marine  
  79  7:18  Marine, Liberator  
  79  7:21  Marine  
  85  7:40  Marauder x2  
  85  7:42  Orbital Command  
  89  8:01  Marauder  
  91  8:09  Marauder  
  93  8:28  Barracks  
  93  8:30  Barracks  
  93  8:31  Barracks  
  93  8:32  Supply Depot  
  93  8:33  Supply Depot, Barracks  
  93  8:34  Supply Depot x2  
  93  8:36  Armory  
  93  8:53  SCV x3, Marauder  
  100  9:03  Marine x2  
  100  9:04  Medivac, Siege Tank  
  100  9:05  SCV x3  
  110  9:14  Marine  
  107  9:17  SCV x3  
  107  9:20  Marine  
  107  9:21  Marine x2  
  107  9:22  Unknown  
  113  9:32  Marine  
  113  9:35  SCV x2  
  113  9:36  SCV  
  117  9:38  Marine  
  117  9:39  Marine x2  
  117  9:40  Barracks Tech Lab, Barracks Reactor  
  117  9:41  Barracks Reactor  
  117  9:42  Barracks Tech Lab  
  120  9:46  Missile Turret  
  120  9:47  SCV  
  120  9:48  Missile Turret  
  120  9:50  Command Center, Marine  
  122  9:56  Marine x2  
  122  9:57  Marine  
  104  10:09  Marine  
  104  10:14  Marine x2  
  105  10:15  Marine  
  106  10:24  Marine  
  106  10:26  Marine x3  
  112  10:31  Supply Depot x2  
  112  10:32  Marine  
  112  10:33  Refinery x2, Marauder  
  115  10:36  Sensor Tower  
  115  10:45  Marauder  
  115  10:49  Medivac  
  119  10:54  Unknown  
  119  10:55  Marauder  
  121  10:57  Command Center  
  121  10:59  SCV  
  122  11:06  Marauder x3  
  128  11:16  Marauder  
  130  11:24  Enhanced Shockwaves  
  130  11:28  Marauder  
  130  11:29  Hellion, Drilling Claws  
  130  11:31  Marine  
  111  11:51  Hellion  
  83  11:59  Marine, Marauder x4  
  80  12:08  Marine x5  
  70  12:14  Siege Tank  
  67  12:16  Orbital Command  
  67  12:17  Marine  
  67  12:20  Marauder x3  
  74  12:26  Marine  
  75  12:34  Marine  
  72  12:38  Viking  
  70  12:47  Hellion  
  72  13:00  Orbital Command  
  72  13:03  SCV x2, Refinery x2  
  74  13:07  Barracks  
  74  13:08  Hellion  
  74  13:09  Barracks  
  74  13:18  Orbital Command  
  67  13:22  Marine, Marauder  
  67  13:23  Marauder  
  67  13:33  Viking x2  
  69  13:44  Marauder  
  54  13:53  Marine  
  40  13:56  Marine x2  
  40  14:03  Viking  
  40  14:05  Marauder  
  30  14:12  Viking  
  30  14:14  Marauder  
  25  14:26  Marauder  
  23  14:34  SCV  
  23  14:37  Factory Tech Lab  
Tags
 
Add a new tag
Caveats
  • Supply blocks, unpowered buildings, or Contaminate may cause inaccurate times.
  • Supply counts are checked every 10 seconds.